 Seeded DCSS version 0.29-a0-23-ga79f92ac9c (webtiles) character file.

Game seed: 10000000000011 (custom seed)

424 knot the Chopper (level 6, 0/70 HPs)
             Began as a Demonspawn Berserker on Jan 31, 2022.
             Was a Believer of Trog.
             Slain by an ice beast (9 damage)
             ... on level 7 of the Dungeon.
             The game lasted 00:03:35 (4041 turns).

knot the Chopper (Demonspawn Berserker)             Turns: 4041, Time: 00:03:35

Health: 0/70       AC:  2    Str: 17    XL:     6   Next: 64%
Magic:  6/6        EV: 12    Int: 11    God:    Trog [**....]
Gold:   116        SH:  0    Dex: 12    Spells: 5/5 levels left

rFire   . . .      SeeInvis .   a - +0 hand axe
rCold   . . .      Faith    .   (no shield)
rNeg    . . .      Spirit   .   b - +0 animal skin
rPois   .          Reflect  .   (no helmet)
rElec   .          Harm     .   (no cloak)
rCorr   .          Rampage  .   (no gloves)
Will    .....                   (no boots)
Stlth   ..........              (no amulet)
HPRegen 0.21/turn               (no ring)
MPRegen 0.20/turn               (no ring)

@: berserking, very quick
A: magic regeneration, demonic touch 2
a: Renounce Religion, Berserk, Trog's Hand


You were on level 7 of the Dungeon.
You worshipped Trog.
Trog was pleased with you.
You visited 1 branch of the dungeon, and saw 5 of its levels.

You collected 116 gold pieces.

Inventory:

Hand Weapons
 a - a +0 hand axe (weapon)
Missiles
 f - 73 stones (quivered)
 j - 18 arrows
 m - 2 poisoned darts
Armour
 b - a +0 animal skin (worn)
Jewellery
 d - an amulet of reflection
Wands
 p - a wand of polymorph (8)
Scrolls
 c - a scroll of amnesia {unknown}
 h - a scroll of identify {unknown}
 n - 2 scrolls of blinking {unknown}
 o - a scroll of fog {unknown}
Potions
 e - a potion of curing {unknown}
 g - a potion of lignification {unknown}
 i - a potion of might {unknown}
 k - a potion of heal wounds {unknown}
 l - a potion of magic {unknown}
 q - 2 potions of resistance {unknown}


   Skills:
 - Level 3.0 Fighting
 * Level 5.7 Axes
 * Level 3.6 Throwing
 - Level 1.7 Armour
 - Level 1.7 Dodging


You had 5 spell levels left.
You didn't know any spells.
Your spell library contained the following spells:

 Spells                   Type           Power      Damage    Failure   Level
 Corpse Rot               Necr/Air       0%         N/A       47%         2
 Poisonous Vapours        Pois/Air       0%         N/A       47%         2


Dungeon Overview and Level Annotations

Branches:
Dungeon (7/15)
 Temple: D:4-7

Altars:

Shops:
D:3 [


Innate Abilities, Weirdness & Mutations

You regenerate magic rapidly.
Your touch may inflict irresistible damage on your foes.


Message History

You hit the ogre. You hit the kobold.
You kill the kobold!
Trog accepts your kill.
Your Throwing skill increases to level 3!
You have reached level 6!
Your demonic ancestry asserts itself...
Your hands glow brighter with unholy energy.
You barely miss the ogre.
You touch the ogre.
The ogre is almost dead.
You hit the wyvern skeleton. You closely miss the ice beast.
The ogre closely misses you. The ice beast hits you. The ice beast freezes you!
You slash the ogre!
You kill the ogre!
Trog accepts your kill.
You barely miss the ice beast. You hit the wyvern skeleton.
The wyvern skeleton bites you.
You slash the wyvern skeleton!
You touch the wyvern skeleton.
You destroy the wyvern skeleton!
Trog accepts your kill.
You barely miss the kobold. You hit the ice beast but do no damage.
The ice beast hits you. The ice beast freezes you!
The kobold hits you with a +0 short sword.
You are too injured to fight recklessly!
You are too injured to fight recklessly!
You are too injured to fight recklessly!
You slash the ice beast!
The ice beast is moderately wounded.
You hit the kobold. The ice beast hits you.
* * * LOW HITPOINT WARNING * * *
The ice beast freezes you!
* * * LOW HITPOINT WARNING * * *
You slash the ice beast!
You touch the ice beast.
The ice beast is almost dead.
You closely miss the kobold. The kobold hits you but does no damage.
You closely miss the ice beast.
The ice beast is almost dead.
You barely miss the kobold. The ice beast hits you.
* * * LOW HITPOINT WARNING * * *
The ice beast freezes you!
You die...

#.....#########.#...
##..............#.###
##.#.#####...#......
#..................
#.#.#####.#..#######
#.#.# #.#.........
#.#.# #.##.#######
#.#.# #.##.# #.#.#
..##@# #.# ###YK)# ..
.....# #....<.
......... .##.......#
. .$......#
###......#


You could see an ice beast and a kobold.

Vanquished Creatures
  2 ogres
  A kobold brigand (D:7)
  A wyvern skeleton (D:7)
  An orc priest (D:4)
  4 adders
  A shadow imp (D:7)
  2 orcs (D:4)
  5 endoplasms
  2 giant cockroaches
  3 goblins
  5 hobgoblins
  14 jackals
  A ball python (D:2)
  7 bats
  5 frilled lizards
  6 kobolds
  5 rats
65 creatures vanquished.

Notes
Turn   | Place    | Note
-------+----------+-------------------------------------------
     0 | D:1      | knot the Demonspawn Berserker began the quest for the Orb.
     0 | D:1      | Reached XP level 1. HP: 18/18 MP: 1/1
    81 | D:1      | Reached skill level 3 in Axes
   142 | D:1      | Gained mutation: You regenerate magic rapidly. [demonic
                  | ancestry]
   142 | D:1      | Reached XP level 2. HP: 14/24 MP: 2/2
  1630 | D:2      | Reached skill level 4 in Axes
  1630 | D:2      | Gained mutation: Your touch may inflict minor irresistible
                  | damage on your foes. [demonic ancestry]
  1630 | D:2      | Reached XP level 3. HP: 28/29 MP: 3/3
  1723 | D:2      | Reached ** piety under Trog
  2345 | D:2      | Reached XP level 4. HP: 21/35 MP: 4/4
  2353 | D:2      | Reached skill level 1 in Throwing
  2928 | D:3      | Noticed an ogre
  2936 | D:3      | Killed an ogre
  2937 | D:3      | Reached XP level 5. HP: 16/41 MP: 5/5
  3189 | D:3      | Found Daocsar's Antique Armour Emporium.
  3597 | D:4      | Reached skill level 5 in Axes
  3863 | D:4      | You fall into a shaft and drop 3 floors!
  4026 | D:7      | Noticed an ogre
  4027 | D:7      | Noticed an ice beast
  4036 | D:7      | Gained mutation: Your touch may inflict irresistible damage
                  | on your foes. [demonic ancestry]
  4036 | D:7      | Reached XP level 6. HP: 47/47 MP: 6/6
  4041 | D:7      | Slain by an ice beast

Illustrated notes

Levels and vault maps discovered:
D:1:      lordsloth_arrival_two_stooges, layout_basic, grunt_decor_fettered,
          minmay_misc_feat_diagonals, nicolae_concentric_dashed_squares_wild
D:2:      layout_rooms, hangedman_decor_clover_reticule
D:3:      layout_basic, serial_shops, shop, kennysheep_path_1
D:4:      layout_rooms, temple_doors_e, uniq_duvessa, uniq_ijyb
D:7:      layout_loops_ring, nicolae_ru_awakened_eye, palyth_stone_intersect,
          minmay_misc_feat_alley, minivault_27, uniq_joseph

Skill      XL: |  1  2  3  4  5 |
---------------+----------------+-----
Axes           | 3 4 5 |  5.7
Throwing       | 2 3 |  3.6
Fighting       | |  3.0
Armour         | |  1.7
Dodging        | |  1.7

Action                   |  1- 3 |  4- 6 || total
-------------------------+-------+-------++-------
Melee: Hand axe          |   116 |    70 ||   186
       Punch             |     2 |       ||     2
       Touch             |     6 |    13 ||    19
Invok: Berserk           |     2 |     4 ||     6
 Stab: Sleeping          |     2 |       ||     2
Armor: Animal skin       |    34 |    26 ||    60
Dodge: Dodged            |    82 |    66 ||   148

Table legend: (Time is in decaauts)
 A = Elapsed time spent in this place.
 B = Non-inter-level travel time spent in this place.
 C = Inter-level travel time spent in this place.
 D = Time resting spent in this place.
 E = Time spent auto-exploring this place.
 F = Levels seen in this place.
 G = Mean time per level.
                   A        B        C        D        E       F      G
               +--------+--------+--------+--------+--------+-----+--------+
         Total |   4109 |   4004 |    105 |   1875 |   1706 |   5 |  821.8 |
       Dungeon |   4109 |   4004 |    105 |   1875 |   1706 |   5 |  821.8 |
               +--------+--------+--------+--------+--------+-----+--------+

Top non-repeatable levels by time:
     D:1: 1641 daAuts
     D:2: 1194 daAuts
     D:3: 1078 daAuts
     D:7: 174 daAuts
     D:4: 21 daAuts
